 Dungeon Crawl Stone Soup version 0.27.0-1-g7a089689b8 (webtiles) character file.

Game seed: 9566754306105987863

96 sakkuzi the Chopper (level 4, -2/41 HPs)
             Began as a Minotaur Berserker on Aug 13, 2021.
             Was a Believer of Trog.
             Killed from afar by an orc wizard (4 damage)
             ... with a magic dart
             ... on level 2 of the Dungeon.
             The game lasted 00:02:59 (1286 turns).

sakkuzi the Chopper (Minotaur Berserker)            Turns: 1286, Time: 00:03:00

Health: -2/41      AC:  2    Str: 22    XL:     4   Next: 41%
Magic:  3/3        EV: 12    Int:  4    God:    Trog [**....]
Gold:   58         SH:  0    Dex: 10    Spells: 3/3 levels left

rFire    . . .     SeeInvis .   a - +0 hand axe {axe}
rCold    . . .     Faith    .   (no shield)
rNeg     . . .     Spirit   .   b - +0 animal skin
rPois    .         Reflect  .   (helmet restricted)
rElec    .         Harm     .   (no cloak)
rCorr    .         Rampage  .   (no gloves)
Will     .....                  (no boots)
Stlth    +.........             (no amulet)
HPRegen  0.13/turn              (no ring)
MPRegen  0.08/turn              (no ring)

@: on berserk cooldown, slowed, very slow
A: horns 2, retaliatory headbutt
a: Renounce Religion, Berserk, Trog's Hand


You were on level 2 of the Dungeon.
You worshipped Trog.
Trog was pleased with you.
You visited 1 branch of the dungeon, and saw 2 of its levels.

You collected 58 gold pieces.


Innate Abilities, Weirdness & Mutations

You have a pair of horns on your head.
You reflexively headbutt those who attack you in melee.


   Skills:
 + Level 4.4 Fighting
 * Level 5.1 Axes
 + Level 3.5 Armour
 - Level 2.2 Dodging


You had 3 spell levels left.
You didn't know any spells.
Your spell library contained the following spells:

 Spells                   Type           Power      Damage    Failure   Level
 Freeze                   Ice            0%         1d3       50%         1
 Frozen Ramparts          Ice            0%         1d2       86%         3
 Hailstorm                Conj/Ice       0%         3d3       99%         4

Inventory:

Hand Weapons
 a - a +0 hand axe (weapon) {axe}
 l - a +1 dagger of speed {short}
   (You took it off a goblin on level 2 of the Dungeon)
Missiles
 i - 22 bolts
 j - 23 stones (quivered) {throwing}
 m - 13 poisoned darts {throwing}
Armour
 b - a +0 animal skin (worn)
Wands
 k - a wand of polymorph (5)
   (You took it off Terence on level 2 of the Dungeon)
Scrolls
 d - a scroll of teleportation {unknown}
 e - a scroll of holy word {unknown}
 f - 2 scrolls of identify {unknown}
 h - 2 scrolls of amnesia {unknown}
Potions
 c - a potion of attraction {unknown}
 g - 2 potions of magic {unknown}

Dungeon Overview and Level Annotations

Branches:
Dungeon (2/15)

Altars:

#.# #o# #o# #.#
##### #.# #....
#.# #.... #o#
#.... #@# #....
#.# #.... #.#
#....
#)############....
#.................
###############.##
#.#.# #.#.##
#....#


You could see an orc wizard and 2 orcs.


Message History

A kobold comes into view. It is wielding a +0 club.
The kobold shouts!
The kobold throws a stone.
The stone hits you. 😕 HP[-2]
You take 2 damage, and now have 38/40 hp.
The kobold barely misses you.
You closely miss the kobold. The kobold barely misses you. 😕 HP[+1]
You closely miss the kobold. The kobold hits you but does no damage.
You closely miss the kobold.
The kobold hits you with a +0 club. 😕 HP[-3]
You take 3 damage, and now have 36/40 hp.
You barely miss the kobold. You headbutt the kobold.
You kill the kobold!
Trog accepts your kill. 😕 HP[+1]
You now have 41 max hp (+1).
j - 23 stones {throwing} (gained 1)
You see here a +0 club {mace}.
You now have 58 gold pieces (gained 15). 😕 HP[+1]
You see here a +0 club {mace}.
A goblin comes into view. It is wielding a +0 dagger. 😎 HP[+3]
Your hp is fully restored (41).
An orc wizard comes into view. It is wielding a +0 dagger.
The orc wizard shouts!
The goblin unwields a +0 dagger.
The goblin wields a +0 hunting sling.
The goblin shoots a stone.
The stone misses you.
You hit the goblin.
The orc wizard gestures wildly while chanting.
The orc wizard flickers and vanishes!
Deactivating autopickup; reactivate with Ctrl-A.
The goblin unwields a +0 hunting sling.
The goblin wields a +0 dagger.
The goblin hits you with a +0 dagger. 😕 HP[-4]
You take 4 damage, and now have 37/41 hp.
You hit the goblin.
You kill the goblin!
Trog accepts your kill.
An orc wizard comes into view. It is wielding a +0 dagger.
A puff of flame appears from out of thin air!
The puff of flame hits you! 😮 HP[-11]
You take 11 damage, and now have 26/41 hp.
MASSIVE DAMAGE!! (PAUSE) 😮 HP[+1]
A magic dart appears from out of thin air!
The magic dart hits you!
* * * LOW HITPOINT WARNING * * *
😨 HP[-8]
You take 8 damage, and now have 19/41 hp.
Something hits you.
* * * LOW HITPOINT WARNING * * *
😨 HP[-3]
You take 3 damage, and now have 16/41 hp.
You miss something. You headbutt something. Something hits you.
* * * LOW HITPOINT WARNING * * *
😨 HP[-2]
You take 2 damage, and now have 14/41 hp.
A red film seems to cover your vision as you go berserk!
You feel yourself moving faster!
You feel mighty! Something hits you.
* * * LOW HITPOINT WARNING * * *
😨 HP[+7]
You now have 61 max hp (+20).
You regained 7 hp, and now have 21/61 hp.
The orc wizard shouts!
You hit something.
You hear a shout!
You hear some strange, mumbled words.
A puff of flame appears from out of thin air!
The puff of flame hits you!
* * * LOW HITPOINT WARNING * * *
😱 HP[-9]
You take 9 damage, and now have 12/61 hp.
You slash something! Trog accepts your kill.
Trog appreciates your killing of a magic user.
Reactivating autopickup.
You feel a bit more experienced.
The orc wizard points at you and mumbles some strange words.
The magic dart hits you!
* * * LOW HITPOINT WARNING * * *
Your Axes skill increases to level 5! 😱 HP[-10]
You take 10 damage, and now have 2/61 hp.
Things that are here:
a +0 dagger {short}; a +0 robe You feel a strong urge to attack something.
An orc comes into view. It is wielding a +0 short sword.
The orc shouts! 😱 HP[+1]
You feel your anger nearly subside.
An orc comes into view.
It is wielding a +2 hand axe of draining.
You are no longer berserk.
You are exhausted.
You feel yourself slow down.
The orc shouts!
The orc wizard points at you and mumbles some strange words.
The magic dart hits you.
You die...

Skill      XL: |  1  2  3  4 |
---------------+-------------+-----
Axes           | 4 5 |  5.1
Fighting       | 4 |  4.4
Armour         | 3 |  3.5
Dodging        | |  2.2

Action                   |  1- 3 |  4- 6 || total
-------------------------+-------+-------++-------
Melee: Hand axe          |    62 |     9 ||    71
       Headbutt          |     7 |     2 ||     9
       Unarmed           |     9 |       ||     9
Invok: Berserk           |       |     1 ||     1
 Stab: Sleeping          |     1 |       ||     1
Armor: Animal skin       |    11 |     1 ||    12
       Skin              |     2 |       ||     2
Dodge: Dodged            |    44 |     3 ||    47

Levels and vault maps discovered:
D:1:      zelgadis_glass_arrival_small, layout_basic, basic_ecumenical_altar
D:2:      layout_basic, serial_bayou_pond_d, uniq_robin, uniq_terence,
          uniq_jessica

Notes
Turn   | Place    | Note
-------+----------+-------------------------------------------
     0 | D:1      | sakkuzi the Minotaur Berserker began the quest for the Orb.
     0 | D:1      | Reached XP level 1. HP: 19/19 MP: 0/0
     0 | D:1      | magus.rc [v1.9.6]
   170 | D:1      | Found a faded altar of an unknown god.
   237 | D:1      | Reached skill level 4 in Axes
   237 | D:1      | Reached XP level 2. HP: 27/27 MP: 1/1
   493 | D:1      | Reached skill level 4 in Fighting
   727 | D:1      | Reached ** piety under Trog
   839 | D:1      | Reached skill level 3 in Armour
   857 | D:1      | Reached XP level 3. HP: 33/33 MP: 2/2
   965 | D:2      | Noticed Terence
  1027 | D:2      | Killed Terence
  1181 | D:2      | Reached XP level 4. HP: 40/40 MP: 3/3
  1183 | D:2      | You pick up a book of Frost {forbidden} and begin
                  | reading...
  1183 | D:2      | You add the spells Freeze, Frozen Ramparts and Hailstorm to
                  | your library.
  1281 | D:2      | HP: 12/61 [something/puff of flame (9)]
  1282 | D:2      | HP: 2/61 [orc wizard/magic dart (10)]
  1283 | D:2      | Reached skill level 5 in Axes
  1286 | D:2      | Killed from afar by an orc wizard

Vanquished Creatures
  An orc wizard (D:2)
  Terence (D:2)
  An adder (D:2)
  A dart slug (D:1)
  2 ball pythons (D:1)
  2 bats
  3 endoplasms
  2 giant cockroaches (D:1)
  6 goblins
  6 hobgoblins
  2 jackals (D:1)
  A quokka (D:1)
  2 frilled lizards
  2 kobolds
  3 rats (D:1)
35 creatures vanquished.

Table legend:
 A = Non-vault XP
 B = Vault XP
 C = Vault XP percentage of total XP
 D = Non-vault monster count
 E = Vault monster count
 F = Vault count percentage of total count
                 A         B        C        D         E       F
            +---------+---------+-------+---------+---------+-------
      Total |     106 |      32 |  23.2 |      34 |       1 |   2.9
            +---------+---------+-------+---------+---------+-------
        D:1 |      45 |       0 |   0.0 |      25 |       0 |   0.0
        D:2 |      61 |      32 |  34.4 |       9 |       1 |  10.0
            +---------+---------+-------+---------+---------+-------

Illustrated notes

Table legend:
 A = Kills in this place as a percentage of kills in entire the game.
 B = Kills by you in this place as a percentage of kills by you in the entire game.
 C = Kills by friends in this place as a percentage of kills by friends in the entire game.
 D = Other kills in this place as a percentage of other kills in the entire game.
 E = Experience gained in this place as a percentage of experience gained in the entire game.
 F = Experience gained in this place divided by the number of levels of this place that you have seen.
                   A       B       C       D       E      F
               +-------+-------+-------+-------+-------+----------------------
         Total | 100.0 | 100.0 |   N/A |   N/A | 100.0 |  69.0
       Dungeon | 100.0 | 100.0 |   N/A |   N/A | 100.0 |  69.0
               +-------+-------+-------+-------+-------+----------------------

Table legend: (Time is in decaauts)
 A = Elapsed time spent in this place.
 B = Non-inter-level travel time spent in this place.
 C = Inter-level travel time spent in this place.
 D = Time resting spent in this place.
 E = Time spent auto-exploring this place.
 F = Levels seen in this place.
 G = Mean time per level.
                   A        B        C        D        E       F      G
               +--------+--------+--------+--------+--------+-----+--------+
         Total |   1287 |   1269 |     18 |     25 |    876 |   2 |  643.5 |
       Dungeon |   1287 |   1269 |     18 |     25 |    876 |   2 |  643.5 |
               +--------+--------+--------+--------+--------+-----+--------+

Top non-repeatable levels by time:
     D:1: 1005 daAuts
     D:2: 281 daAuts
